 Dungeon Crawl Stone Soup version 0.31-a0-187-gba352fbbf7 (webtiles) character file.

Game seed: 9745084988362776037

421 Dittersdorf the Shield-Bearer (level 6, -4/40 HPs)
             Began as a Gargoyle Fighter on June 22, 2023.
             Killed by divine providence
             ... invoked by an orc priest
              (16 damage)
             ... on level 4 of the Dungeon.
             The game lasted 00:04:07 (2916 turns).

Dittersdorf the Shield-Bearer (Gargoyle Fighter)    Turns: 2916, Time: 00:04:08

Health: -4/40      AC: 15    Str: 21    XL:     6   Next: 94%
Magic:  6/6        EV:  8    Int:  9    God:
Gold:   126        SH:  9    Dex:  9    Spells: 5/5 levels left

rFire   . . .        a - +0 flail
rCold   . . .        c - +0 buckler
rNeg    + . .        p - +1 chain mail
rPois   ∞            (no helmet)
rElec   +            (no cloak)
rCorr   .            (no gloves)
SInv    .            (no boots)
Will    .....        e - amulet of reflection Stlth
                     (no ring)
HPRegen 0.26/turn    (no ring)
MPRegen 0.10/turn

%: reflection
@: no status effects
A: sickness immunity, AC +4, negative energy resistance 1, electricity
resistance, torment resistance 1, petrification resistance
a: no special abilities


You were on level 4 of the Dungeon.
You visited 1 branch of the dungeon, and saw 4 of its levels.

You collected 126 gold pieces.

Inventory:

Hand Weapons
 a - a +0 flail (weapon)
Missiles
 i - 6 poisoned darts
Armour
 c - a +0 buckler (worn)
 p - a +1 chain mail (worn)
Jewellery
 e - an amulet of reflection (around neck)
Wands
 s - a wand of flame (18)
Scrolls
 g - a scroll of fear {unknown}
 h - a scroll of silence {unknown}
 m - a scroll of teleportation
Potions
 d - 3 potions of might
 j - a potion of heal wounds {unknown}
 k - a potion of lignification {unknown}
 o - a potion of enlightenment
 r - 2 potions of mutation


   Skills:
 + Level 5.0 Fighting
 + Level 3.8 Maces & Flails
 + Level 5.0 Armour
 + Level 5.0 Shields


You had 5 spell levels left.
You didn't know any spells.
Your spell library contained the following spells:

 Spells                   Type           Power      Damage    Failure   Level
 Simulacrum               Ice/Necr       0%         N/A       100%        6
 Ozocubu's Refrigeration  Ice            0%         4d7       100%        7
 Polar Vortex             Ice            0%         N/A       100%        9


Dungeon Overview and Level Annotations

Branches:
Dungeon (4/15)
 Temple: D:4-7

Altars:
Dithmenos
Gozag
The Shining One


Innate Abilities, Weirdness & Mutations

You are immune to sickness and miasma.
Your stone body is resilient. (AC +4)
You are immune to poison.
You resist negative energy. (rN+)
You are resistant to electric shocks. (rElec)
You are resistant to unholy torment.
You are immune to petrification.


Message History

The orc is moderately wounded.
You block the orc's attack.
You barely miss the orc.
The orc is moderately wounded.
You block the orc's attack. The orc hits you but does no damage.
You barely miss the orc.
The orc is moderately wounded.
You block the orc's attack.
You hit the orc.
The orc is heavily wounded.
The orc hits you but does no damage.
You hit the orc.
You kill the orc!
Your Fighting skill increases to level 5!
No target in view!
No target in view!
No target in view!
No target in view!
No target in view!
No target in view!
No target in view!
No target in view!
No target in view!
No target in view!
No target in view!
No target in view!
No target in view!
No target in view!
You climb downwards.
There is a stone staircase leading up here.
You see here a potion of attraction.
The orc priest calls down the wrath of Beogh upon you.
Beogh smites you!
The orc priest casts a cantrip, but nothing happens.
The orc priest invokes the aid of Beogh against you.
Beogh smites you!
* * * LOW HITPOINT WARNING * * *
The orc priest invokes the aid of Beogh against you.
Beogh smites you!
You die...

#... . ##...
.### .... ...###
...##....#
#......#
######.....##
#...#..[....##..
#.....@..†......
##.......#......
###....## .....
###o..# ....
#..## ... ...#
.# ..... .
.......
.........


You could see an orc priest.

Vanquished Creatures
  Sigmund (D:2)
  2 hounds
  A jelly (D:3)
  6 adders
  4 gnolls (D:3)
  2 dart slugs (D:1)
  5 orcs
  7 ball pythons
  3 bats
  4 endoplasms
  4 giant cockroaches
  8 goblins
  3 hobgoblins
  6 jackals
  2 quokkas
  4 frilled lizards
  9 kobolds
  9 rats
80 creatures vanquished.

Notes
Turn   | Place    | Note
-------+----------+-------------------------------------------
     0 | D:1      | Dittersdorf the Gargoyle Fighter began the quest for the
                  | Orb.
     0 | D:1      | Reached XP level 1. HP: 14/14 MP: 1/1
   177 | D:1      | Reached XP level 2. HP: 19/19 MP: 2/2
   417 | D:1      | Reached XP level 3. HP: 23/23 MP: 3/3
   932 | D:2      | Found a glowing golden altar of the Shining One.
  1210 | D:2      | Reached XP level 4. HP: 29/29 MP: 4/4
  1517 | D:2      | Noticed Sigmund
  1536 | D:2      | Killed Sigmund
  1537 | D:2      | Reached XP level 5. HP: 8/34 MP: 5/5
  1537 | D:2      | Reached XP level 6. HP: 9/39 MP: 6/6
  2072 | D:3      | Found an opulent altar of Gozag.
  2075 | D:3      | Found a shadowy altar of Dithmenos.
  2740 | D:3      | Reached skill level 5 in Armour
  2740 | D:3      | Reached skill level 5 in Shields
  2903 | D:3      | Reached skill level 5 in Fighting
  2916 | D:4      | Killed from afar by an orc priest

Illustrated notes

Levels and vault maps discovered:
D:1:      beargit_arrival_diablo_church, layout_basic
D:2:      layout_loops_ring, basic_altar, uniq_sigmund
D:3:      layout_loops_cross, minitemple, minivault_19, minmay_misc_feat_plants,
          st_stairs_5
D:4:      layout_cave_pools, vehumet_statue, mainiacjoe_overflow_boulevard,
          dreamdust_mushroom_princess, grunt_decor_one_mirror

Skill      XL: |  1  2  3  4  5  6 |
---------------+-------------------+-----
Fighting       | 4 5 |  5.0
Armour         | 4 5 |  5.0
Shields        | 4 5 |  5.0
Maces & Flails | 3 |  3.8

Action                     |  1- 3 |  4- 6 || total
---------------------------+-------+-------++-------
  Melee: Flail             |   126 |   189 ||   315
    Use: Scroll            |       |     8 ||     8
 Armour: Scale mail        |    51 |    40 ||    91
         Chain mail        |       |    77 ||    77
  Dodge: Dodged            |    55 |    69 ||   124
  Block: Buckler           |    74 |    98 ||   172
         Reflection        |     4 |       ||     4

Table legend: (Time is in decaauts)
 A = Elapsed time spent in this place.
 B = Non-inter-level travel time spent in this place.
 C = Inter-level travel time spent in this place.
 D = Time resting spent in this place.
 E = Time spent auto-exploring this place.
 F = Levels seen in this place.
 G = Mean time per level.
                   A        B        C        D        E       F      G
               +--------+--------+--------+--------+--------+-----+--------+
         Total |   3008 |   2803 |    205 |    226 |   1882 |   4 |  752.0 |
       Dungeon |   3008 |   2803 |    205 |    226 |   1882 |   4 |  752.0 |
               +--------+--------+--------+--------+--------+-----+--------+

Top non-repeatable levels by time:
     D:3: 1070 daAuts
     D:2: 1038 daAuts
     D:1: 775 daAuts
     D:4: 123 daAuts
